 Dungeon Sprint DCSS version 0.31-a0-636-ge1c0e020e0 (webtiles) character file.

Game seed: 11254720315653320151

1357 Conn the Arsonist (level 8, -1/48 HPs)
             Began as an Octopode Fire Elementalist on Aug 26, 2023.
             Was a Believer of Sif Muna.
             Slain by a hornet (10 damage)
             ... in the Dungeon (Sprint II: "The Violet Keep of Menkaure").
             The game lasted 00:05:08 (596 turns).

Conn the Arsonist (Octopode Fire Elementalist)       Turns: 596, Time: 00:05:10

Health: -1/48      AC:  1    Str:  7    XL:     8   Next: 64%
Magic:  18/22      EV: 15    Int: 20    God:    Sif Muna [**....]
Gold:   670        SH:  0    Dex: 12    Spells: 8/27 levels left

rFire   + .          .
                       - Unarmed
rCold   . . .        (no shield)
rNeg    . . .        (helmet restricted)
rPois   .            (no amulet)
rElec   .            k - ring of protection from fire
rCorr   .            (no ring)
SInv    .            (no ring)
Will    .....        (no ring)
Stlth   +++++        (no ring)
HPRegen 0.28/turn    (no ring)
MPRegen 0.18/turn    (no ring)
                     (no ring)

%: no teleportation
@: slowed, very slow
A: almost no armour, amphibious, 8 rings, camouflage 1, gelatinous body 1,
nimble swimmer 1, tentacles
a: Renounce Religion, Channel Magic


You were in the Dungeon.
You worshipped Sif Muna.
Sif Muna was pleased with you.
You visited 1 branch You collected 670 gold pieces.

Inventory:

Hand Weapons
 r - a +1 great sword of freezing
Missiles
 n - 6 curare-tipped darts (quivered)
Jewellery
 k - a ring of protection from fire (left tentacle)
Scrolls
 f - 2 scrolls of blinking
 i - a scroll of vulnerability
 j - a scroll of enchant armour
 o - a scroll of revelation
 p - a scroll of fog
Potions
 a - 5 potions of magic
 b - a potion of curing
 d - a potion of haste
 e - a potion of ambrosia
 l - a potion of mutation {unknown}
 m - 3 potions of enlightenment
 q - 2 potions of resistance


   Skills:
 + Level 1.3 Fighting
 + Level 5.9 Dodging
 - Level 5.0 Stealth
 - Level 1.3 Unarmed Combat
 * Level 10.0 Spellcasting
 * Level 6.7 Conjurations
 + Level 11.9 Fire Magic
 * Level 3.9 Invocations


You had 8 spell levels left.
You knew the following spells:

 Your Spells              Type           Power      Damage    Failure   Level
a - Foxfire               Conj/Fire      100%       2x1d9     1%          1
b - Scorch                Fire           100%       2d9       1%          2
c - Inner Flame           Hex/Fire       33%        N/A       1%          3
d - Flame Wave            Conj/Fire      47%        2d12      1%          4
e - Blink                 Tloc           20%        N/A       11%         2
f - Swiftness             Air            10%        N/A       21%         3
g - Fulminant Prism       Conj/Hex       11%        3d8       17%         4

Your spell library contained the following spells:

 Spells                   Type           Power      Damage    Failure   Level
 Magic Dart               Conj           100%       1d8       1%          1
 Shock                    Conj/Air       92%        1d8       1%          1
 Searing Ray              Conj           72%        2d7       1%          2
 Volatile Blastmotes      Fire/Tloc      66%        2d15      1%          3
 Momentum Strike          Conj/Tloc      46%        3d9       2%          2
 Lesser Beckoning         Tloc           20%        N/A       11%         2
 Airstrike                Air            5%         2d(1-17)  56%         4


Dungeon Overview and Level Annotations

Branches:
Dungeon (1/1)

Altars:
Cheibriados
Dithmenos
Elyvilon
Fedhas
Gozag
Hepliaklqana
Kikubaaqudgha
Makhleb
Nemelex Xobeh
Okawaru
Qazlal
Ru
Sif Muna
Trog
Uskayaw
Vehumet
Wu Jian
Xom
Yredelemnul
Zin
The Shining One
Jiyva
Lugonu


Innate Abilities, Weirdness & Mutations

You cannot wear most types of armour.
You are amphibious.
You can wear up to eight rings at the same time.
Your skin changes colour to match your surroundings (Stealth+).
Your rubbery body absorbs attacks. (AC +1, EV +1)
You are camouflaged when in or above water. (Stealth+)
You have tentacles for arms and can constrict up to eight enemies at once.


Message History

The yaktaur hits you!
* * * LOW HITPOINT WARNING * * *
A wave of flame ripples out!
The flame wave engulfs the yaktaur!
The yaktaur is almost dead.
The yaktaur hits you.
* * * LOW HITPOINT WARNING * * *
Unknown command.
A wave of flame ripples out!
The flame wave engulfs the yaktaur!
You kill the yaktaur!
Sif Muna accepts your kill.
You hear an angry buzzing noise.
You finish channelling waves of flame.
Your Spellcasting skill increases to level 10!
Unknown command.
You feel much better. The hornet misses you. Magic courses through your body.
The hornet stings you!
You suddenly lose the ability to move!
The hornet stings you.
You are poisoned.
You feel yourself slow down.
You feel sick. The hornet stings you.
You feel as though you will be slow longer.
You feel sick. The hornet completely misses you. The hornet stings you!
* * * LOW HITPOINT WARNING * * *
You feel as though you will be slow longer.
You can move again.
Unknown command.
You feel better. The hornet misses you. The hornet closely misses you.
Casting: Flame Wave (dangerous; 1% risk of failure)
Confirm with . or Enter, or press ? or * to list all spells.
Okay, then.
Unknown command.
Casting: Flame Wave (dangerous; 1% risk of failure)
Confirm with . or Enter, or press ? or * to list all spells.
Casting: Flame Wave (dangerous; 1% risk of failure)
Press: ? - help, Dir - look around, f - activate A wave of flame ripples out!
The flame wave engulfs the hornet.
The hornet is almost dead. (Press . to intensify the flame waves.)
The hornet stings you!
You die...

#.. #°=▓...[).).▓▓ ##.####
+.####}|▓)[[..[..▓▓ .# ...#
...####▓........▓▓ ####..##
#..# $#▓..)..(..▓▓ ##.##..#
+..# y#▓..)..[.[▓▓ #...#..#
#..# h#▓[)...(.[▓▓
'.##†..####..##.#▓..[....!▓▓
###.#....###^.)##▓▓▓▓▓▓▓'▓▓▓▓+▓
#.##....§.~~~~y@§~~~~~~...≈≈≈▓
###~~§...§§#'########'###.≈X≈▓
#~~~~§~§..~#.._._._.#§§~##≈≈≈▓
#~~~§§~~~§~#._._._..#§~≈≈####▓
#~~~§≈≈~~§~~#_._._._.#~§§~§#
~~~~§§≈≈≈§§~#._._._._#~~~§≈≈#
++#~§§≈≈≈§§~#.._._._.#§~~~~≈+
##≈§≈###§≈#..._._._#~§~~≈~
#≈§#...._._.#§§§


You could see a hornet.

Vanquished Creatures
  A yaktaur (D)
  2 polar bears (D)
  4 water moccasins (D)
  4 necrophages (D)
  3 worms (D)
14 creatures vanquished.

Vanquished Creatures (others)
  10 foxfires (D)
10 creatures vanquished.

Grand Total: 24 creatures vanquished

Notes
Turn   | Place    | Note
-------+----------+-------------------------------------------
     0 | D        | Conn the Octopode Fire Elementalist began the quest for the
                  | Orb.
     0 | D        | Reached XP level 1. HP: 11/11 MP: 3/3
     1 | D        | Noticed a wyvern
     1 | D        | Noticed a wyvern
     4 | D        | Noticed a necrophage
     4 | D        | Noticed a necrophage
     4 | D        | Noticed a necrophage
     4 | D        | Noticed a necrophage
     7 | D        | Killed a necrophage
     8 | D        | Reached skill level 6 in Fire Magic
     8 | D        | Reached XP level 2. HP: 17/17 MP: 3/6
     8 | D        | Reached XP level 3. HP: 21/21 MP: 4/8
     8 | D        | Reached XP level 4. HP: 27/27 MP: 4/9
    12 | D        | Killed a necrophage
    13 | D        | Reached skill level 1 in Unarmed Combat
    13 | D        | Reached skill level 7 in Fire Magic
    13 | D        | Reached XP level 5. HP: 31/31 MP: 4/11
    16 | D        | Reached skill level 5 in Stealth
    16 | D        | Reached skill level 5 in Spellcasting
    16 | D        | Reached skill level 8 in Fire Magic
    21 | D        | Reached skill level 9 in Fire Magic
    21 | D        | Reached XP level 6. HP: 37/37 MP: 5/14
    31 | D        | Learned a level 2 spell: Scorch
    35 | D        | Learned a level 3 spell: Inner Flame
    40 | D        | Learned a level 4 spell: Flame Wave
    59 | D        | Noticed a water moccasin
    62 | D        | Killed a water moccasin
    73 | D        | Found a hazy altar of Hepliaklqana.
    73 | D        | Found a snail-covered altar of Cheibriados.
    74 | D        | Found a stormy altar of Qazlal.
    74 | D        | Found a viscous altar of Jiyva.
    74 | D        | Found a shadowy altar of Dithmenos.
    75 | D        | Found a sacrificial altar of Ru.
    75 | D        | Found an ancient bone altar of Kikubaaqudgha.
    75 | D        | Found a white marble altar of Elyvilon.
    76 | D        | Found an ornate altar of the Wu Jian Council.
    76 | D        | Found a shimmering blue altar of Sif Muna.
    76 | D        | Found a corrupted altar of Lugonu.
    77 | D        | Found a shimmering altar of Xom.
    77 | D        | Found a bloodstained altar of Trog.
    77 | D        | Found a burning altar of Makhleb.
    78 | D        | Found a glowing golden altar of the Shining One.
    78 | D        | Found a basalt altar of Yredelemnul.
    78 | D        | Found a hide-covered altar of Uskayaw.
    80 | D        | Found a glowing silver altar of Zin.
    80 | D        | Found a radiant altar of Vehumet.
    80 | D        | Found a blossoming altar of Fedhas.
    80 | D        | Found a sparkling altar of Nemelex Xobeh.
    81 | D        | Found an opulent altar of Gozag.
    81 | D        | Found an iron altar of Okawaru.
    83 | D        | Noticed a water moccasin
    84 | D        | Noticed a water moccasin
    85 | D        | Became a worshipper of Sif Muna the Loreminder
    97 | D        | Noticed a kraken
   100 | D        | Noticed a water moccasin
   101 | D        | Killed a water moccasin
   102 | D        | Reached skill level 5 in Dodging
   102 | D        | Reached skill level 10 in Fire Magic
   102 | D        | Reached XP level 7. HP: 42/42 MP: 4/17
   130 | D        | Reached skill level 5 in Conjurations
   169 | D        | Reached * piety under Sif Muna
   384 | D        | Learned a level 2 spell: Blink
   388 | D        | Learned a level 3 spell: Swiftness
   393 | D        | Learned a level 4 spell: Fulminant Prism
   465 | D        | Noticed a yaktaur
   465 | D        | Noticed a hornet
   465 | D        | Noticed a polar bear
   482 | D        | Killed a polar bear
   483 | D        | Reached skill level 1 in Fighting
   483 | D        | Reached skill level 11 in Fire Magic
   483 | D        | Reached XP level 8. HP: 41/48 MP: 4/20
   577 | D        | Noticed a polar bear
   578 | D        | Noticed a polar bear
   584 | D        | Killed a polar bear
   589 | D        | Killed a yaktaur
   589 | D        | Reached ** piety under Sif Muna
   590 | D        | Reached skill level 10 in Spellcasting
   592 | D        | Paralysed by a hornet for 3 turns
   594 | D        | HP: 1/48 [hornet (15)]
   596 | D        | Slain by a hornet

Illustrated notes

Levels and vault maps discovered:
D:        the_violet_keep_of_menkaure [sprint2_stairs_cluster_1,
          sprint2_shoproom, sprint2_temple, sprint2_basic_supplies,
          sprint2_obstacle_1, sprint2_obstacle_2, sprint2_obstacle_6,
          sprint2_obstacle_4, sprint2_obstacle_7, sprint2_timed_cluster_1,
          sprint2_smallroom_cluster_1, sprint2_smallroom_final_cluster_1,
          sprint2_transparent_cluster_1, sprint2_second_timed_cluster_1,
          sprint2_sniper_area_1, sprint2_heavy_combat_area_1,
          sprint2_mutation_trap_area_1, sprint2_forest_area_1,
          sprint2_light_combat_area_1, sprint2_behind_water_1,
          sprint2_near_end_vault_1]

Skill      XL: |  1  2  3  4  5  6  7  8 |
---------------+-------------------------+-----
Dodging        | 3 4 5 |  5.9
Stealth        | 4 5 |  5.0
Spellcasting   | 3 4 5 7 8 10 | 10.0
Fire Magic     | 6 7 9 10 11 | 11.9
Unarmed Combat | 1 |  1.3
Conjurations   | 3 4 6 |  6.7
Fighting       | 1 |  1.3
Invocations    | 2 3 |  3.9

Action                     |  1- 3 |  4- 6 |  7- 9 || total
---------------------------+-------+-------+-------++-------
  Melee: Unarmed           |     2 |    16 |       ||    18
         Tentacles         |     2 |     6 |       ||     8
         Constrict         |     1 |     4 |       ||     5
   Cast: Scorch            |       |     5 |     6 ||    11
         Foxfire           |       |     4 |     2 ||     6
         Flame Wave        |       |       |     6 ||     6
         Inner Flame       |       |       |     1 ||     1
    Use: Potion            |     1 |       |     6 ||     7
         Scroll            |       |       |     6 ||     6
   Stab: Distracted        |       |     1 |       ||     1
  Dodge: Dodged            |       |     8 |    16 ||    24

Table legend: (Time is in decaauts)
 A = Elapsed time spent in this place.
 B = Non-inter-level travel time spent in this place.
 C = Inter-level travel time spent in this place.
 D = Time resting spent in this place.
 E = Time spent auto-exploring this place.
 F = Levels seen in this place.
 G = Mean time per level.
                   A        B        C        D        E       F      G
               +--------+--------+--------+--------+--------+-----+--------+
         Total |    603 |    603 |      0 |    236 |      0 |   1 |  603.0 |
       Dungeon |    603 |    603 |      0 |    236 |      0 |   1 |  603.0 |
               +--------+--------+--------+--------+--------+-----+--------+

Top non-repeatable levels by time:
       D: 603 daAuts
